Canucks vs Blackhawks (R1)

Created - 5 mars 2026 at 21:36

Goals
1 2 3 T
Canucks 0 1 1 2
Blackhawks 4 2 2 8
Shots
1 2 3 T
Canucks 14 6 7 27
Blackhawks 13 9 16 38

GoalsPenalties
1st period
1. Blackhawks , Brendan Gallagher 6 (Alex Iafallo 14, Henri Jokiharju 11) at 3:51
2. Blackhawks , Frederick Gaudreau 12 (Tony DeAngelo 23, Simon Edvinsson 21) at 4:16
3. Blackhawks , Zack Ostapchuk 1 (Alex Iafallo 15, Brendan Gallagher 12) at 7:23
4. Blackhawks , Matvei Michkov 15 (Tony DeAngelo 24, Simon Edvinsson 22) at 13:50
Josh Mahura (CHI) for Slashing (Minor) at 1:22
Dakota Joshua (VAN) for Tripping (Minor) at 9:03
Jakob Chychrun (VAN) for High sticking (Minor) at 9:50
Josh Mahura (CHI) for Slashing (Minor) at 18:01
2nd period
5. Canucks , Trevor Moore 31 (Ryan McLeod 15, Mattias Samuelsson 20) at 1:06 (PP)
6. Blackhawks , Alex Iafallo 13 (Ivan Provorov 25, Zack Ostapchuk 1) at 3:56
7. Blackhawks , Cole Perfetti 14 (Henri Jokiharju 12, Evgenii Dadonov 18) at 9:59
Simon Edvinsson (CHI) for Cross-checking (Minor) at 0:20
Mattias Samuelsson (VAN) for Roughing (Minor) at 12:47
Nicolas Hague (VAN) for Cross-checking (Minor) at 15:38
Brendan Gallagher (CHI) for Slashing (Minor) at 16:31
3rd period
8. Blackhawks , Brendan Gallagher 7 (Alex Iafallo 16, Josh Mahura 1) at 5:02
9. Canucks , Matt Duchene 21 (Frank Vatrano 30, Jackson LaCombe 42) at 16:17 (PP)
10. Blackhawks , Ivan Provorov 10 (Brendan Gallagher 13, Dmitry Orlov 21) at 19:58
Mattias Samuelsson (VAN) for Tripping (Minor) at 8:08
Ivan Provorov (CHI) for Roughing (Minor) at 11:06
Matvei Michkov (CHI) for Roughing (Minor) at 15:59
Goalie Stats
Alex Nedeljkovic (VAN), 8 saves from 12 shots - (0,667), L, 21-13-5, 13:50 minutes
Joonas Korpisalo (VAN), 22 saves from 26 shots - (0,846), 46:10 minutes
Jake Allen (CHI), 25 saves from 27 shots - (0,926), W, 18-22-3, 60:00 minutes
3 StarsOfficial
1 - Brendan Gallagher (CHI)
2 - Alex Iafallo (CHI)
3 - Zack Ostapchuk (CHI)
Referees : Tim Peel and Brandon Blandina
Linesman : Brandon Gawryletz and Kyle Allen
Game Note
Joonas Korpisalo enters game at 13:50 of 1st period
Finance
Level 1 -- Attendance: 5831 (97,18%) -- Ticket Income $583,100
Level 2 -- Attendance: 5000 (100,00%) -- Ticket Income $300,000
Level 3 -- Attendance: 2000 (100,00%) -- Ticket Income $70,000
Level 4 -- Attendance: 3751 (93,78%) -- Ticket Income $93,775
Luxury Box -- Attendance: 886 (88,60%) -- Ticket Income $177,200
Game was played at the United Center.
Total Attendance: 17468 (97,04%)
Total Ticket Income: $1,224,075
Other Expense: $61,204
Total Income: $1,162,871



Team Name Goals Shots Shots Attemp Shots Blocked PIM HIT PP PK FO%
Canucks 22767910192 / 6 (33%)046%
Blackhawks 838701012250 / 5 (0%)254%

Canucks
Player Name POS G A P +/- PIM HIT SHT SB MP PP MP PP SHT PK MP PK SHT FO% FOT
Bo HorvatC000-2002014:570:0000:00056% 18
Connor ZaryC/LW/RW000-300004:550:0000:0000% 0
Dakota JoshuaC/LW000-122108:490:0000:0000% 1
Frank VatranoC/LW/RW011-2083020:383:5620:3900% 2
Jackson LaCombeD011-3031325:284:1903:4400% 0
Jake GuentzelLW000-2005019:093:5640:1600% 1
Jakob ChychrunD000-3221024:345:1212:4600% 0
Matt DucheneC101-2003019:433:5610:00052% 27
Mattias SamuelssonD011-4402121:422:4211:4700% 0
Michael AmadioC/LW/RW000-300006:130:0001:18033% 3
Nate SchmidtD000-1011113:532:4200:1600% 0
Nicolas HagueD000-4200320:020:5303:1800% 0
Rickard RakellC/LW/RW000-2000114:410:0000:000100% 1
Ryan McLeodC/LW/RW011-1001018:083:5805:20044% 34
Simon HolmstromLW/RW000-1001017:593:5805:11025% 4
Sonny MilanoLW000-300004:550:0000:0000% 0
Trevor MooreC/LW/RW101-2036019:573:5831:1800% 1
Trevor van RiemsdykD000-1000014:170:0003:2200% 0
Blackhawks
Player Name POS G A P +/- PIM HIT SHT SB MP PP MP PP SHT PK MP PK SHT FO% FOT
Alex IafalloC/LW1345016117:033:4020:08050% 18
Brendan GallagherRW2245222017:063:5600:25083% 6
Cole PerfettiC/LW/RW1011037022:073:5724:5300% 0
Dmitry OrlovD0113010327:044:3904:2500% 0
Emil HeinemanLW/RW000000206:270:0000:0000% 1
Evgenii DadonovRW0111001121:423:5704:28046% 13
Frederick GaudreauC1012015118:113:4013:01055% 33
Henri JokiharjuD0223000012:560:0001:1200% 0
Isak RosenC/LW/RW0001020012:410:0000:00069% 13
Ivan ProvorovD1123212326:164:3913:1400% 0
Josh MahuraD0113410012:060:0000:4800% 0
Marco KasperC000000109:200:0002:53060% 5
Matvei MichkovRW1012243015:393:4000:0000% 0
Oskar BackC/LW0002022011:300:0000:0000% 1
Simon EdvinssonD0222221120:452:5813:0300% 0
Tony DeAngeloD0222013020:492:5823:0600% 0
Zachary L'HeureuxC/LW000000006:270:0000:0000% 1
Zack OstapchukC/LW1125043012:450:0000:0000% 1

Canucks

5 vs 5 Forward
Line #Left WingCenterRight WingPHYDFOFWanted %Time %Time Play
1Jake GuentzelBo HorvatFrank Vatrano0143734%14:57
2Trevor MooreMatt DucheneRickard Rakell0233734%14:41
3Dakota JoshuaRyan McLeodSimon Holmstrom1221920%8:50
4Connor ZaryMichael AmadioSonny Milano140711%4:55
5 vs 5 Defense
Line #DefenseDefensePHYDFOFWanted %Time %Time Play
1Jakob ChychrunJackson LaCombe0324238%16:19
2Mattias SamuelssonNicolas Hague0413737%15:52
3Nate SchmidtTrevor van Riemsdyk1401125%10:55
4Jakob ChychrunMattias Samuelsson122101%0:17
Power Play Forward
Line #Left WingCenterRight WingPHYDFOFWanted %Time %Time Play
1Jake GuentzelMatt DucheneFrank Vatrano0056050%3:56
2Trevor MooreRyan McLeodSimon Holmstrom0054050%3:58
Power Play Defense
Line #DefenseDefensePHYDFOFWanted %Time %Time Play
1Jakob ChychrunJackson LaCombe0146066%5:12
2Nate SchmidtMattias Samuelsson0234034%2:42
Penalty Kill 4 Players Forward
Line #CenterWingPHYDFOFWanted %Time %Time Play
1Ryan McLeodSimon Holmstrom0506080%5:07
2Michael AmadioTrevor Moore0504020%1:18
Penalty Kill 4 Players Defense
Line #DefenseDefensePHYDFOFWanted %Time %Time Play
1Jakob ChychrunNicolas Hague0506054%3:28
2Trevor van RiemsdykJackson LaCombe0504046%2:57
Penalty Kill 3 Players
Line #WingPHYDFOFWanted %Time %Time PlayDefenseDefensePHYDFOFWanted %Time %Time Play
1Ryan McLeod0506072%0:52 Mattias SamuelssonJackson LaCombe0506065%0:47
2Simon Holmstrom0504028%0:20 Trevor van RiemsdykNicolas Hague0504035%0:25
4 vs 4 Forward
Line #CenterWingPHYDFOFWanted %Time %Time Play
1Matt DucheneFrank Vatrano02360100%1:06
2Ryan McLeodTrevor Moore023400%0:00
4 vs 4 Defense
Line #DefensePHYDFOFWanted %Time %Time Play
1Mattias SamuelssonJackson LaCombe02360100%60% - 1:06
2Jakob ChychrunNicolas Hague032400%40% - 0:00
Last Minutes Offensive
Left WingCenterRight WingDefenseDefense
Jake GuentzelMatt DucheneFrank VatranoJakob ChychrunJackson LaCombe
Last Minutes Defensive
Left WingCenterRight WingDefenseDefense
Jake GuentzelRyan McLeodFrank VatranoJakob ChychrunJackson LaCombe
Time
Total ForwardTotal DefenseLast Minutes OffensiveLast Minutes Defensive
60:00 60:00 0:000:00
Extra Forwards
Normal PowerPlayPenalty Kill
Jake Guentzel, Trevor Moore, Ryan McLeodRyan McLeod, Trevor MooreFrank Vatrano
Extra Defensemen
Normal PowerPlayPenalty Kill
Nicolas Hague, Mattias Samuelsson, Trevor van RiemsdykNicolas Hague, Nicolas HagueMattias Samuelsson
Penalty Shots
Jake Guentzel, Ryan McLeod, Matt Duchene, Frank Vatrano, Trevor Moore
Goalie
Alex Nedeljkovic, Joonas Korpisalo
Custom OT Lines Forwards
Jake Guentzel, Michael Amadio, Matt Duchene, Frank Vatrano, Bo Horvat, Trevor Moore, Ryan McLeod, Simon Holmstrom, Connor Zary, Dakota Joshua
Custom OT Lines Defensemen
Jakob Chychrun, Jackson LaCombe, Mattias Samuelsson, Trevor van Riemsdyk, Nicolas Hague
Scratches
Haydn Fleury (Healthy), Travis Hamonic (Healthy), Mavrik Bourque (Lacerated Right Calf Injury)

Blackhawks

5 vs 5 Forward
Line #Left WingCenterRight WingPHYDFOFWanted %Time %Time Play
1Cole PerfettiIsak RosenEvgenii Dadonov1222829%12:41
2Zack OstapchukAlex IafalloBrendan Gallagher1222829%12:45
3Oskar BackFrederick GaudreauMatvei Michkov1222727%11:30
4Zachary L'HeureuxMarco KasperEmil Heineman1221715%6:27
5 vs 5 Defense
Line #DefenseDefensePHYDFOFWanted %Time %Time Play
1Ivan ProvorovDmitry Orlov1224039%17:06
2Tony DeAngeloSimon Edvinsson1223033%14:09
3Henri JokiharjuJosh Mahura1222026%11:20
4Ivan ProvorovDmitry Orlov122102%0:48
Power Play Forward
Line #Left WingCenterRight WingPHYDFOFWanted %Time %Time Play
1Cole PerfettiBrendan GallagherEvgenii Dadonov1226052%3:57
2Alex IafalloFrederick GaudreauMatvei Michkov1224048%3:40
Power Play Defense
Line #DefenseDefensePHYDFOFWanted %Time %Time Play
1Ivan ProvorovDmitry Orlov1226061%4:39
2Tony DeAngeloSimon Edvinsson1224039%2:58
Penalty Kill 4 Players Forward
Line #CenterWingPHYDFOFWanted %Time %Time Play
1Evgenii DadonovCole Perfetti1226064%5:01
2Frederick GaudreauMarco Kasper1224036%2:53
Penalty Kill 4 Players Defense
Line #DefenseDefensePHYDFOFWanted %Time %Time Play
1Ivan ProvorovDmitry Orlov1226066%5:13
2Tony DeAngeloSimon Edvinsson1224034%2:41
Penalty Kill 3 Players
Line #WingPHYDFOFWanted %Time %Time PlayDefenseDefensePHYDFOFWanted %Time %Time Play
1Cole Perfetti122600%0:00 Ivan ProvorovDmitry Orlov122600%0:00
2Alex Iafallo122400%0:00 Tony DeAngeloSimon Edvinsson122400%0:00
4 vs 4 Forward
Line #CenterWingPHYDFOFWanted %Time %Time Play
1Evgenii DadonovCole Perfetti1226055%0:36
2Alex IafalloMatvei Michkov1224045%0:30
4 vs 4 Defense
Line #DefensePHYDFOFWanted %Time %Time Play
1Ivan ProvorovDmitry Orlov1226045%60% - 0:30
2Tony DeAngeloSimon Edvinsson1224055%40% - 0:36
Last Minutes Offensive
Left WingCenterRight WingDefenseDefense
Cole PerfettiIsak RosenEvgenii DadonovIvan ProvorovDmitry Orlov
Last Minutes Defensive
Left WingCenterRight WingDefenseDefense
Cole PerfettiIsak RosenEvgenii DadonovIvan ProvorovDmitry Orlov
Time
Total ForwardTotal DefenseLast Minutes OffensiveLast Minutes Defensive
60:00 60:00 0:000:00
Extra Forwards
Normal PowerPlayPenalty Kill
Brendan Gallagher, Matvei Michkov, Frederick GaudreauBrendan Gallagher, Matvei MichkovBrendan Gallagher
Extra Defensemen
Normal PowerPlayPenalty Kill
Simon Edvinsson, Henri Jokiharju, Josh MahuraSimon Edvinsson, Simon EdvinssonHenri Jokiharju
Penalty Shots
Matvei Michkov, Cole Perfetti, Evgenii Dadonov, Alex Iafallo, Brendan Gallagher
Goalie
Jake Allen, Tristan Jarry
Custom OT Lines Forwards
Isak Rosen, Cole Perfetti, Evgenii Dadonov, Alex Iafallo, Brendan Gallagher, Matvei Michkov, Frederick Gaudreau, Marco Kasper, Oskar Back, Emil Heineman
Custom OT Lines Defensemen
Ivan Provorov, Dmitry Orlov, Tony DeAngelo, Simon Edvinsson, Henri Jokiharju
Scratches
Nazem Kadri (Broken Left Thumb Injury), Gabriel Landeskog (Healthy), Nolan Foote (Healthy), Shayne Gostisbehere (Torn Right MCL Injury)


Play-by-Play

1st period


0:01 of 1st period - Isak Rosen wins face-off versus Jake Guentzel in neutral zone.
0:38 of 1st period - Shot by Jake Guentzel.
0:38 of 1st period - Deflect By Bo Horvat.
0:38 of 1st period - Shot Blocked by Ivan Provorov.
0:40 of 1st period - Shot by Frank Vatrano.
0:40 of 1st period - Shot Misses the Net.
0:47 of 1st period - Off-side.
0:48 of 1st period - Matt Duchene wins face-off versus Alex Iafallo in neutral zone.
1:13 of 1st period - Shot by Mattias Samuelsson.
1:13 of 1st period - Stopped by Jake Allen without a rebound.
1:14 of 1st period - Ryan McLeod wins face-off versus Frederick Gaudreau in Blackhawks zone.
1:22 of 1st period - Minor Penalty to Josh Mahura for Slashing.
1:23 of 1st period - Matt Duchene wins face-off versus Evgenii Dadonov in Blackhawks zone.
1:24 of 1st period - Shot by Frank Vatrano.
1:24 of 1st period - Shot Hit the Post.
1:26 of 1st period - Shot by Jackson LaCombe.
1:26 of 1st period - Shot Misses the Net.
1:28 of 1st period - Shot by Matt Duchene.
1:28 of 1st period - Deflect By Jake Guentzel.
1:28 of 1st period - Shot Misses the Net.
1:30 of 1st period - Shot by Matt Duchene.
1:30 of 1st period - Shot Blocked by Evgenii Dadonov.
1:32 of 1st period - Shot by Jakob Chychrun.
1:32 of 1st period - Stopped by Jake Allen with a rebound.
1:49 of 1st period - Shot by Jackson LaCombe.
1:49 of 1st period - Shot Misses the Net.
2:41 of 1st period - Shot by Trevor Moore.
2:41 of 1st period - Stopped by Jake Allen without a rebound.
2:42 of 1st period - Frederick Gaudreau wins face-off versus Ryan McLeod in Blackhawks zone.
2:42 of 1st period - Frederick Gaudreau is hit by Trevor Moore.
3:40 of 1st period - Connor Zary is hit by Brendan Gallagher and loses puck.
3:49 of 1st period - Shot by Alex Iafallo.
3:49 of 1st period - Stopped by Alex Nedeljkovic with a rebound.
3:51 of 1st period - Shot by Brendan Gallagher.
3:51 of 1st period - Goal by Brendan Gallagher - Canucks : 0 - Blackhawks : 1.
3:52 of 1st period - Bo Horvat wins face-off versus Frederick Gaudreau in neutral zone.
4:14 of 1st period - Shot by Frederick Gaudreau.
4:14 of 1st period - Shot Misses the Net.
4:16 of 1st period - Shot by Frederick Gaudreau.
4:16 of 1st period - Goal by Frederick Gaudreau - Canucks : 0 - Blackhawks : 2.
4:17 of 1st period - Matt Duchene wins face-off versus Zachary L'Heureux in neutral zone.
4:35 of 1st period - Trevor Moore is hit by Josh Mahura and loses puck.
4:44 of 1st period - Shot by Matt Duchene.
4:44 of 1st period - Stopped by Jake Allen without a rebound.
4:45 of 1st period - Ryan McLeod wins face-off versus Frederick Gaudreau in Blackhawks zone.
5:47 of 1st period - Trevor Moore is hit by Cole Perfetti and loses puck.
6:18 of 1st period - Shot by Mattias Samuelsson.
6:18 of 1st period - Shot Misses the Net.
6:42 of 1st period - Shot by Jake Guentzel.
6:42 of 1st period - Shot Blocked by Simon Edvinsson.
6:45 of 1st period - Icing by Tony DeAngelo.
6:46 of 1st period - Michael Amadio wins face-off versus Isak Rosen in Blackhawks zone.
7:19 of 1st period - Shot by Brendan Gallagher.
7:19 of 1st period - Shot Blocked by Nate Schmidt.
7:21 of 1st period - Shot by Alex Iafallo.
7:21 of 1st period - Stopped by Alex Nedeljkovic with a rebound.
7:23 of 1st period - Shot by Zack Ostapchuk.
7:23 of 1st period - Goal by Zack Ostapchuk - Canucks : 0 - Blackhawks : 3.
7:24 of 1st period - Bo Horvat wins face-off versus Marco Kasper in neutral zone.
7:41 of 1st period - Shot by Frank Vatrano.
7:41 of 1st period - Deflect By Jake Guentzel.
7:41 of 1st period - Shot Misses the Net.
8:16 of 1st period - Icing by Zachary L'Heureux.
8:17 of 1st period - Matt Duchene wins face-off versus Emil Heineman in Blackhawks zone.
8:22 of 1st period - Shot by Rickard Rakell.
8:22 of 1st period - Shot Misses the Net.
8:46 of 1st period - Shot by Matt Duchene.
8:46 of 1st period - Stopped by Jake Allen without a rebound.
8:47 of 1st period - Ryan McLeod wins face-off versus Alex Iafallo in Blackhawks zone.
8:55 of 1st period - Off-side.
8:56 of 1st period - Ryan McLeod wins face-off versus Frederick Gaudreau in neutral zone.
9:03 of 1st period - Minor Penalty to Dakota Joshua for Tripping.
9:04 of 1st period - Ryan McLeod wins face-off versus Brendan Gallagher in Canucks zone.
9:22 of 1st period - Shot by Cole Perfetti.
9:22 of 1st period - Deflect By Evgenii Dadonov.
9:22 of 1st period - Shot Misses the Net.
9:26 of 1st period - Shot by Cole Perfetti.
9:26 of 1st period - Stopped by Alex Nedeljkovic without a rebound.
9:27 of 1st period - Ryan McLeod wins face-off versus Frederick Gaudreau in Canucks zone.
9:27 of 1st period - Ryan McLeod is hit by Alex Iafallo.
9:30 of 1st period - Jakob Chychrun is hit by Frederick Gaudreau and loses puck.
9:50 of 1st period - Minor Penalty to Jakob Chychrun for High sticking.
9:51 of 1st period - Brendan Gallagher wins face-off versus Ryan McLeod in Canucks zone.
10:50 of 1st period - Icing by Cole Perfetti.
10:51 of 1st period - Brendan Gallagher wins face-off versus Simon Holmstrom in Blackhawks zone.
11:41 of 1st period - Shot by Frederick Gaudreau.
11:41 of 1st period - Shot Misses the Net.
11:43 of 1st period - Shot by Tony DeAngelo.
11:43 of 1st period - Stopped by Alex Nedeljkovic without a rebound.
11:44 of 1st period - Brendan Gallagher wins face-off versus Simon Holmstrom in Canucks zone.
11:47 of 1st period - Shot by Evgenii Dadonov.
11:47 of 1st period - Deflect By Cole Perfetti.
11:47 of 1st period - Stopped by Alex Nedeljkovic with a rebound.
12:07 of 1st period - Shot by Frank Vatrano.
12:07 of 1st period - Shot Misses the Net.
12:13 of 1st period - Shot by Jackson LaCombe.
12:13 of 1st period - Stopped by Jake Allen without a rebound.
12:14 of 1st period - Frederick Gaudreau wins face-off versus Matt Duchene in Blackhawks zone.
12:21 of 1st period - Shot by Matvei Michkov.
12:21 of 1st period - Stopped by Alex Nedeljkovic without a rebound.
12:22 of 1st period - Matt Duchene wins face-off versus Alex Iafallo in Canucks zone.
12:24 of 1st period - Trevor Moore is hit by Zack Ostapchuk and loses puck.
12:56 of 1st period - Icing by Ivan Provorov.
12:57 of 1st period - Alex Iafallo wins face-off versus Bo Horvat in Blackhawks zone.
12:57 of 1st period - Ivan Provorov is hit by Frank Vatrano and loses puck.
13:10 of 1st period - Shot by Dmitry Orlov.
13:10 of 1st period - Shot Misses the Net.
13:30 of 1st period - Shot by Frederick Gaudreau.
13:30 of 1st period - Shot Misses the Net.
13:32 of 1st period - Shot by Frederick Gaudreau.
13:32 of 1st period - Shot Misses the Net.
13:34 of 1st period - Shot by Frederick Gaudreau.
13:34 of 1st period - Stopped by Alex Nedeljkovic with a rebound.
13:36 of 1st period - Shot by Oskar Back.
13:36 of 1st period - Stopped by Alex Nedeljkovic with a rebound.
13:38 of 1st period - Shot by Oskar Back.
13:38 of 1st period - Shot Misses the Net.
13:40 of 1st period - Shot by Simon Edvinsson.
13:40 of 1st period - Shot Blocked by Jackson LaCombe.
13:43 of 1st period - Frederick Gaudreau is hit by Jakob Chychrun and loses puck.
13:50 of 1st period - Shot by Matvei Michkov.
13:50 of 1st period - Goal by Matvei Michkov - Canucks : 0 - Blackhawks : 4.
13:50 of 1st period - Joonas Korpisalo enters game.
13:51 of 1st period - Isak Rosen wins face-off versus Matt Duchene in neutral zone.
14:05 of 1st period - Off-side.
14:06 of 1st period - Ryan McLeod wins face-off versus Marco Kasper in neutral zone.
14:11 of 1st period - Shot by Simon Holmstrom.
14:11 of 1st period - Stopped by Jake Allen without a rebound.
14:12 of 1st period - Frederick Gaudreau wins face-off versus Matt Duchene in Blackhawks zone.
14:27 of 1st period - Shot by Trevor Moore.
14:27 of 1st period - Stopped by Jake Allen without a rebound.
14:28 of 1st period - Alex Iafallo wins face-off versus Bo Horvat in Blackhawks zone.
14:41 of 1st period - Shot by Brendan Gallagher.
14:41 of 1st period - Deflect By Zack Ostapchuk.
14:41 of 1st period - Stopped by Joonas Korpisalo without a rebound.
14:42 of 1st period - Isak Rosen wins face-off versus Matt Duchene in Canucks zone.
15:25 of 1st period - Dmitry Orlov is hit by Trevor Moore and loses puck.
15:47 of 1st period - Shot by Jake Guentzel.
15:47 of 1st period - Shot Misses the Net.
16:10 of 1st period - Shot by Bo Horvat.
16:10 of 1st period - Deflect By Jake Guentzel.
16:10 of 1st period - Shot Misses the Net.
17:24 of 1st period - Dakota Joshua is hit by Matvei Michkov and loses puck.
17:54 of 1st period - Shot by Rickard Rakell.
17:54 of 1st period - Deflect By Matt Duchene.
17:54 of 1st period - Shot Misses the Net.
18:00 of 1st period - Shot by Trevor Moore.
18:00 of 1st period - Shot Misses the Net.
18:01 of 1st period - Minor Penalty to Josh Mahura for Slashing.
18:02 of 1st period - Matt Duchene wins face-off versus Frederick Gaudreau in Blackhawks zone.
18:09 of 1st period - Shot by Jake Guentzel.
18:09 of 1st period - Stopped by Jake Allen without a rebound.
18:10 of 1st period - Evgenii Dadonov wins face-off versus Matt Duchene in Blackhawks zone.
18:21 of 1st period - Evgenii Dadonov is hit by Frank Vatrano and loses puck.
18:35 of 1st period - Off-side.
18:36 of 1st period - Frederick Gaudreau wins face-off versus Ryan McLeod in neutral zone.
18:59 of 1st period - Shot by Mattias Samuelsson.
18:59 of 1st period - Stopped by Jake Allen without a rebound.
19:00 of 1st period - Matt Duchene wins face-off versus Evgenii Dadonov in Blackhawks zone.
19:01 of 1st period - Shot by Jackson LaCombe.
19:01 of 1st period - Deflect By Jake Guentzel.
19:01 of 1st period - Stopped by Jake Allen without a rebound.
19:02 of 1st period - Matt Duchene wins face-off versus Evgenii Dadonov in Blackhawks zone.
19:09 of 1st period - Shot by Frank Vatrano.
19:09 of 1st period - Stopped by Jake Allen with a rebound.
19:11 of 1st period - Shot by Frank Vatrano.
19:11 of 1st period - Shot Misses the Net.
19:25 of 1st period - Shot by Jake Guentzel.
19:25 of 1st period - Stopped by Jake Allen without a rebound.
19:26 of 1st period - Evgenii Dadonov wins face-off versus Ryan McLeod in Blackhawks zone.
19:39 of 1st period - Shot by Trevor Moore.
19:39 of 1st period - Stopped by Jake Allen without a rebound.
19:40 of 1st period - Matt Duchene wins face-off versus Frederick Gaudreau in Blackhawks zone.
19:54 of 1st period - Shot by Jackson LaCombe.
19:54 of 1st period - Shot Misses the Net.
Goals for this period are 0 for Canucks vs 4 for Blackhawks.
Shots for this period are 14 for Canucks vs 13 for Blackhawks.

2nd period


0:01 of 2nd period - Matt Duchene wins face-off versus Alex Iafallo in neutral zone.
0:01 of 2nd period - Matt Duchene is hit by Zack Ostapchuk.
0:20 of 2nd period - Minor Penalty to Simon Edvinsson for Cross-checking.
0:21 of 2nd period - Evgenii Dadonov wins face-off versus Matt Duchene in Blackhawks zone.
0:36 of 2nd period - Shot by Frank Vatrano.
0:36 of 2nd period - Shot Blocked by Dmitry Orlov.
0:54 of 2nd period - Shot by Jake Guentzel.
0:54 of 2nd period - Stopped by Jake Allen without a rebound.
0:55 of 2nd period - Ryan McLeod wins face-off versus Evgenii Dadonov in Blackhawks zone.
1:06 of 2nd period - Shot by Ryan McLeod.
1:06 of 2nd period - Deflect By Trevor Moore.
1:06 of 2nd period - Goal by Trevor Moore - Canucks : 1 - Blackhawks : 4.
1:07 of 2nd period - Alex Iafallo wins face-off versus Michael Amadio in neutral zone.
2:14 of 2nd period - Shot by Oskar Back.
2:14 of 2nd period - Shot Misses the Net.
2:16 of 2nd period - Shot by Oskar Back.
2:16 of 2nd period - Stopped by Joonas Korpisalo without a rebound.
2:17 of 2nd period - Bo Horvat wins face-off versus Evgenii Dadonov in Canucks zone.
2:17 of 2nd period - Bo Horvat is hit by Isak Rosen.
2:32 of 2nd period - Isak Rosen is hit by Jackson LaCombe and loses puck.
2:58 of 2nd period - Frank Vatrano is hit by Tony DeAngelo and loses puck.
3:20 of 2nd period - Off-side.
3:21 of 2nd period - Matt Duchene wins face-off versus Oskar Back in neutral zone.
3:45 of 2nd period - Shot by Rickard Rakell.
3:45 of 2nd period - Shot Misses the Net.
3:47 of 2nd period - Shot by Nate Schmidt.
3:47 of 2nd period - Stopped by Jake Allen without a rebound.
3:48 of 2nd period - Alex Iafallo wins face-off versus Ryan McLeod in Blackhawks zone.
3:48 of 2nd period - Alex Iafallo is hit by Dakota Joshua.
3:56 of 2nd period - Shot by Alex Iafallo.
3:56 of 2nd period - Goal by Alex Iafallo - Canucks : 1 - Blackhawks : 5.
3:57 of 2nd period - Marco Kasper wins face-off versus Ryan McLeod in neutral zone.
4:51 of 2nd period - Icing by Simon Holmstrom.
4:52 of 2nd period - Ryan McLeod wins face-off versus Frederick Gaudreau in Canucks zone.
5:27 of 2nd period - Shot by Matt Duchene.
5:27 of 2nd period - Shot Misses the Net.
5:30 of 2nd period - Icing by Simon Edvinsson.
5:31 of 2nd period - Bo Horvat wins face-off versus Frederick Gaudreau in Blackhawks zone.
5:32 of 2nd period - Shot by Jake Guentzel.
5:32 of 2nd period - Stopped by Jake Allen without a rebound.
5:33 of 2nd period - Bo Horvat wins face-off versus Zack Ostapchuk in Blackhawks zone.
5:55 of 2nd period - Shot by Frank Vatrano.
5:55 of 2nd period - Shot Misses the Net.
6:06 of 2nd period - Jake Guentzel is hit by Dmitry Orlov and loses puck.
6:13 of 2nd period - Shot by Jake Guentzel.
6:13 of 2nd period - Shot Blocked by Alex Iafallo.
8:47 of 2nd period - Shot by Marco Kasper.
8:47 of 2nd period - Stopped by Joonas Korpisalo without a rebound.
8:48 of 2nd period - Bo Horvat wins face-off versus Alex Iafallo in Canucks zone.
9:02 of 2nd period - Trevor van Riemsdyk is hit by Simon Edvinsson.
9:24 of 2nd period - Shot by Frank Vatrano.
9:24 of 2nd period - Shot Misses the Net.
9:30 of 2nd period - Shot by Jake Guentzel.
9:30 of 2nd period - Shot Misses the Net.
9:59 of 2nd period - Shot by Cole Perfetti.
9:59 of 2nd period - Goal by Cole Perfetti - Canucks : 1 - Blackhawks : 6.
10:00 of 2nd period - Frederick Gaudreau wins face-off versus Ryan McLeod in neutral zone.
10:31 of 2nd period - Shot by Ryan McLeod.
10:31 of 2nd period - Stopped by Jake Allen without a rebound.
10:32 of 2nd period - Isak Rosen wins face-off versus Bo Horvat in Blackhawks zone.
10:32 of 2nd period - Isak Rosen is hit by Frank Vatrano.
10:41 of 2nd period - Evgenii Dadonov is hit by Frank Vatrano.
10:57 of 2nd period - Shot by Cole Perfetti.
10:57 of 2nd period - Shot Misses the Net.
10:59 of 2nd period - Shot by Josh Mahura.
10:59 of 2nd period - Deflect By Cole Perfetti.
10:59 of 2nd period - Stopped by Joonas Korpisalo without a rebound.
11:00 of 2nd period - Alex Iafallo wins face-off versus Matt Duchene in Canucks zone.
11:00 of 2nd period - Alex Iafallo is hit by Nate Schmidt.
11:52 of 2nd period - Trevor Moore is hit by Matvei Michkov and loses puck.
12:19 of 2nd period - Shot by Frank Vatrano.
12:19 of 2nd period - Stopped by Jake Allen without a rebound.
12:20 of 2nd period - Isak Rosen wins face-off versus Dakota Joshua in Blackhawks zone.
12:20 of 2nd period - Cole Perfetti is hit by Dakota Joshua and loses puck.
12:47 of 2nd period - Minor Penalty to Mattias Samuelsson for Roughing.
12:48 of 2nd period - Ryan McLeod wins face-off versus Frederick Gaudreau in Canucks zone.
12:54 of 2nd period - Icing by Dmitry Orlov.
12:55 of 2nd period - Ryan McLeod wins face-off versus Frederick Gaudreau in Blackhawks zone.
13:19 of 2nd period - Icing by Matvei Michkov.
13:20 of 2nd period - Frederick Gaudreau wins face-off versus Ryan McLeod in Blackhawks zone.
13:27 of 2nd period - Shot by Dmitry Orlov.
13:27 of 2nd period - Shot Misses the Net.
15:03 of 2nd period - Shot by Emil Heineman.
15:03 of 2nd period - Stopped by Joonas Korpisalo without a rebound.
15:04 of 2nd period - Bo Horvat wins face-off versus Frederick Gaudreau in Canucks zone.
15:10 of 2nd period - Icing by Mattias Samuelsson.
15:11 of 2nd period - Marco Kasper wins face-off versus Bo Horvat in Canucks zone.
15:38 of 2nd period - Minor Penalty to Nicolas Hague for Cross-checking.
15:39 of 2nd period - Brendan Gallagher wins face-off versus Simon Holmstrom in Canucks zone.
15:50 of 2nd period - Shot by Simon Edvinsson.
15:50 of 2nd period - Stopped by Joonas Korpisalo without a rebound.
15:51 of 2nd period - Frederick Gaudreau wins face-off versus Ryan McLeod in Canucks zone.
15:56 of 2nd period - Shot by Alex Iafallo.
15:56 of 2nd period - Stopped by Joonas Korpisalo without a rebound.
15:57 of 2nd period - Ryan McLeod wins face-off versus Evgenii Dadonov in Canucks zone.
16:31 of 2nd period - Minor Penalty to Brendan Gallagher for Slashing.
16:32 of 2nd period - Evgenii Dadonov wins face-off versus Matt Duchene in Blackhawks zone.
16:42 of 2nd period - Matt Duchene is hit by Simon Edvinsson and loses puck.
17:15 of 2nd period - Ivan Provorov is hit by Frank Vatrano.
17:43 of 2nd period - Icing by Ryan McLeod.
17:44 of 2nd period - Frederick Gaudreau wins face-off versus Ryan McLeod in Canucks zone.
19:36 of 2nd period - Icing by Trevor van Riemsdyk.
19:37 of 2nd period - Frederick Gaudreau wins face-off versus Michael Amadio in Canucks zone.
19:48 of 2nd period - Shot by Frederick Gaudreau.
19:48 of 2nd period - Deflect By Matvei Michkov.
19:48 of 2nd period - Stopped by Joonas Korpisalo with a rebound.
Goals for this period are 1 for Canucks vs 2 for Blackhawks.
Shots for this period are 6 for Canucks vs 9 for Blackhawks.

3rd period


0:01 of 3rd period - Evgenii Dadonov wins face-off versus Matt Duchene in neutral zone.
0:25 of 3rd period - Rickard Rakell is hit by Ivan Provorov and loses puck.
0:34 of 3rd period - Shot by Cole Perfetti.
0:34 of 3rd period - Stopped by Joonas Korpisalo without a rebound.
0:35 of 3rd period - Bo Horvat wins face-off versus Frederick Gaudreau in Canucks zone.
0:35 of 3rd period - Bo Horvat is hit by Oskar Back.
0:48 of 3rd period - Shot by Oskar Back.
0:48 of 3rd period - Shot Misses the Net.
0:50 of 3rd period - Shot by Tony DeAngelo.
0:50 of 3rd period - Stopped by Joonas Korpisalo without a rebound.
0:51 of 3rd period - Alex Iafallo wins face-off versus Ryan McLeod in Canucks zone.
1:15 of 3rd period - Shot by Brendan Gallagher.
1:15 of 3rd period - Shot Misses the Net.
1:43 of 3rd period - Icing by Zack Ostapchuk.
1:44 of 3rd period - Matt Duchene wins face-off versus Alex Iafallo in Blackhawks zone.
2:10 of 3rd period - Jackson LaCombe is hit by Cole Perfetti and loses puck.
2:17 of 3rd period - Trevor Moore is hit by Cole Perfetti and loses puck.
3:25 of 3rd period - Shot by Bo Horvat.
3:25 of 3rd period - Shot Hit the Post.
3:31 of 3rd period - Shot by Jake Guentzel.
3:31 of 3rd period - Shot Blocked by Frederick Gaudreau.
3:33 of 3rd period - Shot by Mattias Samuelsson.
3:33 of 3rd period - Shot Misses the Net.
3:37 of 3rd period - Shot by Jake Guentzel.
3:37 of 3rd period - Shot Misses the Net.
4:14 of 3rd period - Icing by Nate Schmidt.
4:15 of 3rd period - Ryan McLeod wins face-off versus Isak Rosen in Canucks zone.
4:15 of 3rd period - Ryan McLeod is hit by Isak Rosen.
4:38 of 3rd period - Off-side.
4:39 of 3rd period - Alex Iafallo wins face-off versus Matt Duchene in neutral zone.
4:42 of 3rd period - Rickard Rakell is hit by Zack Ostapchuk.
4:57 of 3rd period - Josh Mahura is hit by Jakob Chychrun and loses puck.
5:00 of 3rd period - Shot by Alex Iafallo.
5:00 of 3rd period - Shot Misses the Net.
5:02 of 3rd period - Shot by Brendan Gallagher.
5:02 of 3rd period - Goal by Brendan Gallagher - Canucks : 1 - Blackhawks : 7.
5:03 of 3rd period - Isak Rosen wins face-off versus Bo Horvat in neutral zone.
5:03 of 3rd period - Ivan Provorov is hit by Frank Vatrano and loses puck.
5:16 of 3rd period - Shot by Jake Guentzel.
5:16 of 3rd period - Deflect By Bo Horvat.
5:16 of 3rd period - Stopped by Jake Allen without a rebound.
5:17 of 3rd period - Marco Kasper wins face-off versus Matt Duchene in Blackhawks zone.
5:17 of 3rd period - Simon Edvinsson is hit by Trevor Moore and loses puck.
5:50 of 3rd period - Shot by Rickard Rakell.
5:50 of 3rd period - Shot Misses the Net.
5:52 of 3rd period - Shot by Jackson LaCombe.
5:52 of 3rd period - Shot Misses the Net.
5:54 of 3rd period - Shot by Trevor Moore.
5:54 of 3rd period - Shot Misses the Net.
6:35 of 3rd period - Icing by Mattias Samuelsson.
6:36 of 3rd period - Frederick Gaudreau wins face-off versus Frank Vatrano in Canucks zone.
6:41 of 3rd period - Shot by Frederick Gaudreau.
6:41 of 3rd period - Stopped by Joonas Korpisalo without a rebound.
6:42 of 3rd period - Frederick Gaudreau wins face-off versus Ryan McLeod in Canucks zone.
6:51 of 3rd period - Shot by Dakota Joshua.
6:51 of 3rd period - Stopped by Jake Allen without a rebound.
6:52 of 3rd period - Matt Duchene wins face-off versus Isak Rosen in Blackhawks zone.
6:53 of 3rd period - Shot by Jackson LaCombe.
6:53 of 3rd period - Shot Blocked by Ivan Provorov.
6:55 of 3rd period - Shot by Trevor Moore.
6:55 of 3rd period - Shot Misses the Net.
6:57 of 3rd period - Shot by Trevor Moore.
6:57 of 3rd period - Stopped by Jake Allen without a rebound.
6:58 of 3rd period - Bo Horvat wins face-off versus Isak Rosen in Blackhawks zone.
7:52 of 3rd period - Frederick Gaudreau is hit by Frank Vatrano and loses puck.
8:02 of 3rd period - Off-side.
8:03 of 3rd period - Alex Iafallo wins face-off versus Trevor Moore in neutral zone.
8:08 of 3rd period - Minor Penalty to Mattias Samuelsson for Tripping.
8:09 of 3rd period - Frederick Gaudreau wins face-off versus Ryan McLeod in Canucks zone.
8:16 of 3rd period - Shot by Frederick Gaudreau.
8:16 of 3rd period - Stopped by Joonas Korpisalo without a rebound.
8:17 of 3rd period - Frederick Gaudreau wins face-off versus Ryan McLeod in Canucks zone.
8:17 of 3rd period - Frederick Gaudreau is hit by Jackson LaCombe.
8:43 of 3rd period - Shot by Alex Iafallo.
8:43 of 3rd period - Stopped by Joonas Korpisalo without a rebound.
8:44 of 3rd period - Brendan Gallagher wins face-off versus Ryan McLeod in Canucks zone.
8:49 of 3rd period - Shot by Cole Perfetti.
8:49 of 3rd period - Deflect By Evgenii Dadonov.
8:49 of 3rd period - Shot Blocked by Nicolas Hague.
9:13 of 3rd period - Shot by Brendan Gallagher.
9:13 of 3rd period - Shot Blocked by Nicolas Hague.
9:21 of 3rd period - Shot by Tony DeAngelo.
9:21 of 3rd period - Stopped by Joonas Korpisalo without a rebound.
9:22 of 3rd period - Frederick Gaudreau wins face-off versus Ryan McLeod in Canucks zone.
9:30 of 3rd period - Icing by Frederick Gaudreau.
9:31 of 3rd period - Frederick Gaudreau wins face-off versus Ryan McLeod in Blackhawks zone.
9:46 of 3rd period - Matvei Michkov is hit by Jackson LaCombe and loses puck.
10:07 of 3rd period - Shot by Ivan Provorov.
10:07 of 3rd period - Stopped by Joonas Korpisalo without a rebound.
10:08 of 3rd period - Isak Rosen wins face-off versus Matt Duchene in Canucks zone.
10:09 of 3rd period - Shot by Evgenii Dadonov.
10:09 of 3rd period - Shot Misses the Net.
10:29 of 3rd period - Shot by Matt Duchene.
10:29 of 3rd period - Shot Misses the Net.
10:51 of 3rd period - Shot by Trevor Moore.
10:51 of 3rd period - Stopped by Jake Allen without a rebound.
10:52 of 3rd period - Alex Iafallo wins face-off versus Bo Horvat in Blackhawks zone.
10:59 of 3rd period - Shot by Dmitry Orlov.
10:59 of 3rd period - Shot Blocked by Jackson LaCombe.
11:05 of 3rd period - Shot by Jake Guentzel.
11:05 of 3rd period - Shot Misses the Net.
11:06 of 3rd period - Minor Penalty to Ivan Provorov for Roughing.
11:07 of 3rd period - Simon Holmstrom wins face-off versus Evgenii Dadonov in Blackhawks zone.
13:27 of 3rd period - Shot by Brendan Gallagher.
13:27 of 3rd period - Shot Blocked by Nicolas Hague.
13:29 of 3rd period - Shot by Zack Ostapchuk.
13:29 of 3rd period - Stopped by Joonas Korpisalo without a rebound.
13:30 of 3rd period - Frederick Gaudreau wins face-off versus Bo Horvat in Canucks zone.
13:55 of 3rd period - Bo Horvat is hit by Matvei Michkov and loses puck.
14:00 of 3rd period - Shot by Frederick Gaudreau.
14:00 of 3rd period - Stopped by Joonas Korpisalo with a rebound.
14:02 of 3rd period - Shot by Matvei Michkov.
14:02 of 3rd period - Shot Misses the Net.
14:08 of 3rd period - Shot by Frederick Gaudreau.
14:08 of 3rd period - Shot Misses the Net.
14:40 of 3rd period - Shot by Dmitry Orlov.
14:40 of 3rd period - Shot Misses the Net.
14:44 of 3rd period - Shot by Emil Heineman.
14:44 of 3rd period - Stopped by Joonas Korpisalo without a rebound.
14:45 of 3rd period - Rickard Rakell wins face-off versus Alex Iafallo in Canucks zone.
14:45 of 3rd period - Rickard Rakell is hit by Zack Ostapchuk.
15:27 of 3rd period - Shot by Alex Iafallo.
15:27 of 3rd period - Stopped by Joonas Korpisalo without a rebound.
15:28 of 3rd period - Isak Rosen wins face-off versus Ryan McLeod in Canucks zone.
15:29 of 3rd period - Shot by Dmitry Orlov.
15:29 of 3rd period - Shot Misses the Net.
15:45 of 3rd period - Shot by Dmitry Orlov.
15:45 of 3rd period - Shot Blocked by Jackson LaCombe.
15:47 of 3rd period - Shot by Cole Perfetti.
15:47 of 3rd period - Stopped by Joonas Korpisalo without a rebound.
15:48 of 3rd period - Bo Horvat wins face-off versus Frederick Gaudreau in Canucks zone.
15:53 of 3rd period - Shot by Bo Horvat.
15:53 of 3rd period - Stopped by Jake Allen without a rebound.
15:54 of 3rd period - Frederick Gaudreau wins face-off versus Bo Horvat in Blackhawks zone.
15:54 of 3rd period - Frederick Gaudreau is hit by Frank Vatrano.
15:59 of 3rd period - Minor Penalty to Matvei Michkov for Roughing.
16:00 of 3rd period - Evgenii Dadonov wins face-off versus Matt Duchene in Blackhawks zone.
16:15 of 3rd period - Shot by Frank Vatrano.
16:15 of 3rd period - Stopped by Jake Allen with a rebound.
16:17 of 3rd period - Shot by Matt Duchene.
16:17 of 3rd period - Goal by Matt Duchene - Canucks : 2 - Blackhawks : 7.
16:18 of 3rd period - Frederick Gaudreau wins face-off versus Ryan McLeod in neutral zone.
16:28 of 3rd period - Icing by Nicolas Hague.
16:29 of 3rd period - Ryan McLeod wins face-off versus Alex Iafallo in Canucks zone.
16:58 of 3rd period - Shot by Dakota Joshua.
16:58 of 3rd period - Shot Hit the Post.
17:06 of 3rd period - Shot by Simon Holmstrom.
17:06 of 3rd period - Shot Blocked by Ivan Provorov.
17:08 of 3rd period - Shot by Mattias Samuelsson.
17:08 of 3rd period - Shot Blocked by Dmitry Orlov.
17:10 of 3rd period - Shot by Simon Holmstrom.
17:10 of 3rd period - Shot Blocked by Dmitry Orlov.
17:38 of 3rd period - Shot by Frederick Gaudreau.
17:38 of 3rd period - Shot Misses the Net.
18:06 of 3rd period - Jackson LaCombe is hit by Oskar Back and loses puck.
18:14 of 3rd period - Jakob Chychrun is hit by Matvei Michkov and loses puck.
18:20 of 3rd period - Icing by Frank Vatrano.
18:21 of 3rd period - Isak Rosen wins face-off versus Frank Vatrano in Canucks zone.
18:53 of 3rd period - Shot by Cole Perfetti.
18:53 of 3rd period - Stopped by Joonas Korpisalo with a rebound.
18:55 of 3rd period - Shot by Henri Jokiharju.
18:55 of 3rd period - Shot Misses the Net.
18:57 of 3rd period - Shot by Isak Rosen.
18:57 of 3rd period - Shot Misses the Net.
18:59 of 3rd period - Shot by Evgenii Dadonov.
18:59 of 3rd period - Stopped by Joonas Korpisalo with a rebound.
19:01 of 3rd period - Shot by Henri Jokiharju.
19:01 of 3rd period - Shot Blocked by Mattias Samuelsson.
19:28 of 3rd period - Icing by Mattias Samuelsson.
19:29 of 3rd period - Matt Duchene wins face-off versus Alex Iafallo in Canucks zone.
19:31 of 3rd period - Trevor Moore is hit by Brendan Gallagher and loses puck.
19:40 of 3rd period - Shot by Dmitry Orlov.
19:40 of 3rd period - Shot Blocked by Rickard Rakell.
19:42 of 3rd period - Shot by Alex Iafallo.
19:42 of 3rd period - Shot Misses the Net.
19:56 of 3rd period - Shot by Brendan Gallagher.
19:56 of 3rd period - Shot Misses the Net.
19:58 of 3rd period - Shot by Ivan Provorov.
19:58 of 3rd period - Goal by Ivan Provorov - Canucks : 2 - Blackhawks : 8.
19:59 of 3rd period - Ryan McLeod wins face-off versus Frederick Gaudreau in neutral zone.
Goals for this period are 1 for Canucks vs 2 for Blackhawks.
Shots for this period are 7 for Canucks vs 16 for Blackhawks.